 Dungeon Crawl Stone Soup version 0.28-a0-1594-ga885d4b3d6 (webtiles) character file.

Game seed: 10266353945849694216

732 siradein the Magician (level 8, -6/54 HPs)
             Began as a Djinni Fire Elementalist on Jan 21, 2022.
             Was an Initiate of Makhleb.
             Shot with an arrow by a centaur (7 damage)
             ... on level 4 of the Dungeon.
             The game lasted 00:21:13 (5531 turns).

siradein the Magician (Djinni Fire Elementalist)    Turns: 5531, Time: 00:21:13

Health: -6/54      AC:  7    Str:  7    XL:     8   Next: 3%
Gold:   169        EV: 13    Int: 20    God:    Makhleb [......] SH:  0 Dex: 13

rFire   + + .      SeeInvis .   t - staff of conjuration
rCold   x . .      Faith    .   o - orb {guile}
rNeg    . . .      Spirit   .   a - +0 robe
rPois   ∞          Reflect  .   l - +0 helmet
rElec   .          Harm     .   r - +0 cloak
rCorr   .          Rampage  .   k - +2 pair of gloves
Will    .....                   (boots unavailable)
Stlth   ++........              (no amulet)
HPRegen 0.18/turn               (no ring)
MPRegen 0.00/turn               (no ring)

@: flying, very slightly contaminated
A: sickness immunity, fire resistance 2, cold vulnerability 1, float, innate
caster, hp casting, extra vitality 1
a: Renounce Religion


You were on level 4 of the Dungeon.
You worshipped Makhleb.
Makhleb was noncommittal.
You visited 1 branch of the dungeon, and saw 4 of its levels.

You collected 169 gold pieces.

Inventory:

Armour
 a - a +0 robe (worn)
 k - a +2 pair of gloves (worn)
 l - a +0 helmet (worn)
 o - an orb of guile (worn)
 r - a +0 cloak (worn)
Magical Staves
 t - a staff of conjuration (weapon)
Wands
 g - a wand of flame (18)
 m - a wand of iceblast (12)
Scrolls
 b - a scroll of magic mapping {unknown}
 d - 6 scrolls of identify {unknown}
 e - a scroll of enchant weapon {unknown}
 f - a scroll of fear {unknown}
 n - a scroll of amnesia {unknown}
Potions
 c - 3 potions of haste {unknown}
 h - a potion of flight {unknown}
 i - 2 potions of degeneration {unknown}
 j - a potion of might {unknown}
 p - a potion of brilliance {unknown}
 q - a potion of attraction {unknown}
 s - a potion of lignification {unknown}
 u - a potion of heal wounds {unknown}
 v - 2 potions of cancellation {unknown}


   Skills:
 + Level 2.0 Fighting
 + Level 3.2 Dodging
 - Level 1.5 Stealth
 + Level 6.3 Spellcasting
 + Level 0.3 Invocations


You couldn't memorise any spells.
You knew the following spells:

 Your Spells              Type           Power      Damage    Failure   Level
a - Foxfire               Conj/Fire      100%       2x1d9     1%          1
b - Scorch                Fire           62%        2d8       1%          2
c - Conjure Flame         Conj/Fire      47%        6-21      2%          3
d - Inner Flame           Hex/Fire       31%        N/A       2%          3
e - Flame Wave            Conj/Fire      47%        2d8       8%          4
f - Magic Dart            Conj           100%       1d8       1%          1
g - Ensorcelled Hibernat  Hex/Ice        62%        N/A       1%          2
h - Swiftness             Air            31%        N/A       2%          3
Your spell library was empty.

Dungeon Overview and Level Annotations

Branches:
Dungeon (4/15)
 Temple: D:4-7

Altars:
Ashenzari
Makhleb
Uskayaw


Innate Abilities, Weirdness & Mutations

You are immune to sickness and miasma.
You are immune to poison.
Your flesh is very heat resistant. (rF++)
You are vulnerable to cold. (rC-)
You float through the air rather than walking.
You learn spells naturally, not from books.
Your magical power is your life essence.
You have superior vitality. (+4 MHP)


Message History

The foxfire hits the giant cockroach!
Makhleb accepts your kill.
The giant cockroach explodes!
The fiery explosion engulfs your foxfire.
Your foxfire completely resists.
The fiery explosion engulfs you! You resist.
The dart slug launches a dart at you. The slug dart hits you.
You hear a shout! x2
A centaur comes into view.
The centaur wields a +0 shortbow.
The centaur shoots an arrow.
The arrow closely misses you.
The centaur shoots an arrow.
The arrow hits you.
The centaur is filled with an inner flame.
The centaur shoots an arrow.
The arrow hits you.
The centaur shoots an arrow.
The arrow hits you!
* * * LOW HITPOINT WARNING * * *
Casting: Inner Flame (dangerous; 2% risk of failure)
Confirm with . or Enter, or press ? or * to list all spells.
You feel a surge of power!
You conjure some foxfire!
* * * LOW HITPOINT WARNING * * *
The centaur shoots an arrow.
The arrow hits you but does no damage.
The foxfire hits the centaur.
Flame seeps out of the centaur.
The centaur is lightly wounded.
The centaur is engulfed in blazing flames.
Flame seeps out of the centaur.
The foxfire hits the centaur.
Flame seeps out of the centaur.
The centaur is heavily wounded.
The centaur is engulfed in blazing flames.
Flame seeps out of the centaur.
Casting: Foxfire (safe; 1% risk of failure)
Confirm with . or Enter, or press ? or * to list all spells.
You feel a surge of power!
You miscast Foxfire.
You are very lightly contaminated with residual magic.
Nothing appears to happen.
* * * LOW HITPOINT WARNING * * *
The centaur shoots an arrow.
The arrow hits you!
* * * LOW HITPOINT WARNING * * *
The centaur shoots an arrow.
The arrow hits you!
You die...

##....# ##.....# #####
##......#### ##...##
#......###.#
#.....###..........##
#..#....##...##...<..#
#...§#...###...###....##
.....##...##..##.......#
..... #...#.@.#.......##
..w#. ##....#.........#
.... #....#..#.....## ....
#....########..## # #...c#
#####..###### #....°###
#...#......##
#......°..##............
###....
.......##..#...#.........
.##...
.........##.....##........


You could see a centaur (inner flame).

Vanquished Creatures
  A necrophage (D:4)
  An ogre (D:4)
  3 phantoms
  A hound (D:4)
  Crazy Yiuf (D:3)
  A centaur skeleton (D:4)
  Ijyb (D:3)
  3 orc wizards (D:3)
  Robin (D:2)
  5 adders
  An adder skeleton (D:4)
  2 dart slugs (D:2)
  4 orcs (D:3)
  5 ball pythons
  3 bats
  11 endoplasms
  5 giant cockroaches
  14 goblins
  11 hobgoblins
  6 jackals
  3 quokkas
  2 frilled lizards
  4 kobolds
  4 rats
93 creatures vanquished.

Vanquished Creatures (others)
  94 foxfires
94 creatures vanquished.

Grand Total: 187 creatures vanquished

Notes
Turn   | Place    | Note
-------+----------+-------------------------------------------
     0 | D:1      | siradein the Djinni Fire Elementalist began the quest for
                  | the Orb.
     0 | D:1      | Reached XP level 1. HP: 15/15 MP: 0/0
   126 | D:1      | Reached XP level 2. HP: 20/21 MP: 0/0
   307 | D:1      | Reached skill level 3 in Spellcasting
   517 | D:1      | Reached XP level 3. HP: 23/25 MP: 0/0
   517 | D:1      | Learned a level 1 spell: Magic Dart
  1482 | D:2      | Reached XP level 4. HP: 28/31 MP: 0/0
  2214 | D:2      | Noticed Robin
  2401 | D:1      | Reached skill level 4 in Spellcasting
  2677 | D:2      | Killed Robin
  2678 | D:2      | Reached XP level 5. HP: 16/35 MP: 0/0
  2678 | D:2      | Learned a level 2 spell: Ensorcelled Hibernation
  2848 | D:2      | Found a faded altar of an unknown god.
  2973 | D:3      | Noticed Ijyb
  2980 | D:3      | Killed Ijyb
  3373 | D:3      | Noticed a phantom
  3418 | D:2      | Killed a phantom
  3419 | D:2      | Reached skill level 5 in Spellcasting
  3419 | D:2      | Reached XP level 6. HP: 10/40 MP: 0/0
  3809 | D:3      | Found a broken altar of Ashenzari.
  3980 | D:3      | Found a hide-covered altar of Uskayaw.
  4149 | D:3      | Found a runed translucent door.
  4151 | D:3      | Noticed Crazy Yiuf
  4679 | D:3      | Killed Crazy Yiuf
  4807 | D:4      | Noticed an ogre
  4930 | D:4      | Killed an ogre
  4931 | D:4      | Reached XP level 7. HP: 36/45 MP: 0/0
  4931 | D:4      | Learned a level 3 spell: Swiftness
  4946 | D:4      | Reached skill level 6 in Spellcasting
  5103 | D:4      | Reached skill level 1 in Fighting
  5373 | D:4      | Found a burning altar of Makhleb.
  5420 | D:4      | Became a worshipper of Makhleb the Destroyer
  5481 | D:4      | Reached XP level 8. HP: 51/54 MP: 0/0
  5530 | D:4      | HP: 1/54 [centaur/arrow (11)]
  5531 | D:4      | Shot with an arrow by a centaur

Illustrated notes

Levels and vault maps discovered:
D:1:      noname_arrival_rooms_in_the_neighbourhood, layout_basic,
          minmay_split_cup_small
D:2:      layout_basic, hellmonk_ecumenical_altar_inner_sanctum, uniq_robin
D:3:      layout_basic, nicolae_ashenzari_skybound,
          nicolae_uskayaw_murder_on_the_dancefloor,
          chequers_serial_rivers_micro_a, st_stairs_6, uniq_crazy_yiuf_cottage,
          uniq_ijyb
D:4:      layout_cave_pools, mainiacjoe_overflow_alcove_1,
          mainiacjoe_overflow_alcove_3, minmay_manual_moon

Skill      XL: |  1  2  3  4  5  6  7 |
---------------+----------------------+-----
Spellcasting   | 3 4 5 6 |  6.3
Fighting       | 2 |  2.0
Dodging        | 3 |  3.2
Stealth        | |  1.5
Invocations    | |  0.3

Action                   |  1- 3 |  4- 6 |  7- 9 || total
-------------------------+-------+-------+-------++-------
 Cast: Foxfire           |    22 |    20 |    14 ||    56
       Magic Dart        |    41 |    94 |       ||   135
       Scorch            |       |     8 |       ||     8
       Inner Flame       |       |    20 |    12 ||    32
       Ensorcelled Hiber |       |     1 |       ||     1
Armor: Robe              |       |     8 |     1 ||     9
Dodge: Dodged            |     1 |    23 |     3 ||    27

Table legend: (Time is in decaauts)
 A = Elapsed time spent in this place.
 B = Non-inter-level travel time spent in this place.
 C = Inter-level travel time spent in this place.
 D = Time resting spent in this place.
 E = Time spent auto-exploring this place.
 F = Levels seen in this place.
 G = Mean time per level.
                   A        B        C        D        E       F      G
               +--------+--------+--------+--------+--------+-----+--------+
         Total |   5534 |   5428 |    106 |    457 |   4159 |   4 | 1383.5 |
       Dungeon |   5534 |   5428 |    106 |    457 |   4159 |   4 | 1383.5 |
               +--------+--------+--------+--------+--------+-----+--------+

Top non-repeatable levels by time:
     D:2: 1849 daAuts
     D:3: 1580 daAuts
     D:1: 1480 daAuts
     D:4: 623 daAuts
